 Dungeon Crawl Stone Soup version 0.31-a0-234-gad7ace16ef (webtiles) character file.

Game seed: 4629888696023157205

88 qw the Shooter (level 4, -25/26 HPs)
             Began as a Gargoyle Hexslinger on July 9, 2023.
             Annihilated by an ogre
             ... wielding a +0 giant club
              (36 damage)
             ... on level 2 of the Dungeon.
             The game lasted 00:00:39 (1566 turns).

qw the Shooter (Gargoyle Hexslinger)                Turns: 1566, Time: 00:00:40

Health: -25/26     AC:  7    Str: 12    XL:     4   Next: 54%
Magic:  5/5        EV: 11    Int: 13    God:
Gold:   144        SH:  0    Dex: 14    Spells: 4/5 levels left

rFire   . . .        Y - +1 sling
rCold   . . .        (no shield)
rNeg    + . .        b - +0 leather armour
rPois   inf          a - +0 helmet
rElec   +            (no cloak)
rCorr   .            (no gloves)
SInv    .            (no boots)
Will    .....        (no amulet)
Stlth   +            (no ring)
HPRegen 0.24/turn    (no ring)
MPRegen 0.09/turn

%: no passive effects
@: no status effects
A: sickness immunity, AC +3, negative energy resistance 1, electricity
resistance, torment resistance 1, petrification resistance
a: no special abilities


You were on level 2 of the Dungeon.
You visited 1 branch of the dungeon, and saw 3 of its levels.

You collected 144 gold pieces.


Innate Abilities, Weirdness & Mutations

You are immune to sickness and miasma.
Your stone body is resilient. (AC +3)
You are immune to poison.
You resist negative energy. (rN+)
You are resistant to electric shocks. (rElec)
You are resistant to unholy torment.
You are immune to petrification.


   Skills:
 - Level 2.0 Fighting
 + Level 4.3 Ranged Weapons
 - Level 1.5 Dodging
 - Level 1.0 Spellcasting
 - Level 2.6 Hexes


You had 4 spell levels left.
You knew the following spells:

 Your Spells              Type           Power      Damage    Failure   Level
a - Slow                  Hex            28%        N/A       12%         1

Your spell library contained the following spells:

 Spells                   Type           Power      Damage    Failure   Level
 Inner Flame              Hex/Fire       4%         N/A       52%         3
 Portal Projectile        Hex/Tloc       8%         N/A       52%         3
 Cause Fear               Hex            3%         N/A       75%         4

Inventory:

Hand Weapons
 Y - a +1 sling (weapon)
Armour
 a - a +0 helmet (worn)
 b - a +0 leather armour (worn)

Dungeon Overview and Level Annotations

Branches:
Dungeon (3/15)

Altars:
Dithmenos

Shops:
D:1 :


Message History

Done exploring.
(D) Dungeon
Where to? (* - list waypoints, Enter - D:2, ? - help)
What level of the Dungeon? (default 1, ? - help)
You see here a +0 dagger.
There is a stone staircase leading down here.
You climb downwards.
The ogre shouts!
There is a stone staircase leading up here.
An ogre is nearby!
Waypoint 2 assigned to D:3.
You shoot a sling bullet. The sling bullet hits the ogre.
The ogre is lightly wounded.
You shoot a sling bullet.
The sling bullet closely misses the ogre.
You shoot a sling bullet. The sling bullet hits the ogre.
The ogre is moderately wounded.
You shoot a sling bullet.
The sling bullet hits the ogre but does no damage.
The ogre is moderately wounded.
The ogre hits you with a +0 giant club!
Ouch! That really hurt!
1564 ||| STAIRDANCE The ogre closely misses you.
You climb upwards.
There is a stone staircase leading down here.
Enter note:
Enter note:
Enter note:
Enter note:
Enter note:
Enter note:
Enter note:
Enter note:
Enter note: You shoot a sling bullet.
The sling bullet hits the ogre.
The ogre is moderately wounded.
The ogre hits you with a +0 giant club!!!
Ouch! That really hurt!
You die...

....# ....# ....###
......## .......#
.......# ###
##.###.# #.#
##.###.###########.#
...............O@..#
##.....#######.###.#
####### #..# #.#
#.## #.# #.# #.# #.#
#.# ###### #.# #.#
.....# #.# #.#
)....########.####.#


You could see an ogre.

Vanquished Creatures
  3 gnolls (D:2)
  An adder (D:2)
  A worm (D:2)
  A dart slug (D:1)
  5 ball pythons (D:1)
  3 bats (D:1)
  3 endoplasms
  2 giant cockroaches (D:2)
  5 goblins
  4 hobgoblins
  5 quokkas
  A frilled lizard (D:1)
  3 kobolds
  4 rats
41 creatures vanquished.

Notes
Turn   | Place    | Note
-------+----------+-------------------------------------------
     0 | D:1      | qw the Gargoyle Hexslinger began the quest for the Orb.
     0 | D:1      | Reached XP level 1. HP: 12/12 MP: 2/2
     0 | D:1      | 0 ||| qw: Version: 0.3-a-51-g015441d
     0 | D:1      | 0 ||| qw: Game counter: 4110
     0 | D:1      | 0 ||| qw: Melee chars always use a shield: true
     0 | D:1      | 0 ||| qw: God list: Okawaru
     0 | D:1      | 0 ||| qw: Allow faded altars: false
     0 | D:1      | 0 ||| qw: Do Orc after clearing Dungeon:15 true
     0 | D:1      | 0 ||| qw: Do second Lair branch before Depths: true
     0 | D:1      | 0 ||| qw: Lair rune preference: random
     0 | D:1      | 0 ||| qw: Goals: Normal
     0 | D:1      | 0 ||| PLANNING D:1-11
    54 | D:1      | Reached XP level 2. HP: 16/16 MP: 3/3
   128 | D:1      | Reached skill level 3 in Ranged Weapons
   304 | D:1      | Reached XP level 3. HP: 21/21 MP: 4/4
   324 | D:1      | Found a faded altar of an unknown god.
   402 | D:1      | Found Osiuceit's Vocational Training.
   456 | D:1      | 456 ||| Stepping ~*~*~tactically~*~*~ (water).
   658 | D:1      | 658 ||| READING scroll labelled WEASAEKK SAMI.
   663 | D:1      | 663 ||| DROPPING scroll of poison.
   683 | D:2      | Identified the +6 scale mail "Muorch" {Harm Regen+ Dex-3
                  | SInv}
   817 | D:2      | 817 ||| FLEEEEING.
   818 | D:2      | 818 ||| FLEEEEING.
   819 | D:2      | 819 ||| FLEEEEING.
   820 | D:2      | 820 ||| FLEEEEING.
   821 | D:2      | 821 ||| FLEEEEING.
   822 | D:2      | 822 ||| FLEEEEING.
   823 | D:2      | 823 ||| FLEEEEING.
   824 | D:2      | 824 ||| FLEEEEING.
   826 | D:2      | 826 ||| FLEEEEING.
   827 | D:2      | 827 ||| FLEEEEING.
   828 | D:2      | 828 ||| FLEEEEING.
   830 | D:2      | 830 ||| FLEEEEING.
   831 | D:2      | 831 ||| FLEEEEING.
   834 | D:2      | 834 ||| FLEEEEING.
   835 | D:2      | 835 ||| FLEEEEING.
   836 | D:2      | 836 ||| FLEEEEING.
   837 | D:2      | 837 ||| FLEEEEING.
   844 | D:2      | 844 ||| FLEEEEING.
   847 | D:2      | 847 ||| FLEEEEING.
   848 | D:2      | 848 ||| FLEEEEING.
   849 | D:2      | 849 ||| FLEEEEING.
   850 | D:2      | 850 ||| FLEEEEING.
   851 | D:2      | 851 ||| FLEEEEING.
   852 | D:2      | 852 ||| FLEEEEING.
   853 | D:2      | 853 ||| FLEEEEING.
   854 | D:2      | 854 ||| FLEEEEING.
   862 | D:2      | HP: 3/21 [gnoll/+0 flail (4)]
   862 | D:2      | HP: 1/21 [gnoll/+0 club (2)]
   863 | D:2      | 863 ||| READING scroll of teleportation.
   865 | D:2      | Reached XP level 4. HP: 2/26 MP: 5/5
   990 | D:2      | Reached skill level 4 in Ranged Weapons
  1022 | D:2      | Found a shadowy altar of Dithmenos.
  1502 | D:2      | 1502 ||| UPGRADING to +0 helmet.
  1507 | D:2      | 1507 ||| UPGRADING to +0 leather armour.
  1517 | D:2      | 1517 ||| DROPPING +0 robe.
  1518 | D:2      | 1518 ||| READING scroll labelled WESEC ONYMELAX.
  1559 | D:3      | Noticed an ogre
  1564 | D:3      | 1564 ||| STAIRDANCE
  1566 | D:2      | Annihilated by an ogre

Levels and vault maps discovered:
D:1:      wander_arrival_peaceful_grave, layout_rooms,
          shapermc_ecumenical_altar_mp_highgroup, chequers_big_river,
          minmay_crystal_water, nicolae_shop_vocational
D:2:      layout_basic, basic_altar, hex_large, kennysheep_generic_room_2
D:3:      minmay_wonky_spiral, layout_loops_ring, tgw_kikubaaqudgha,
          grunt_temple_overflow_diamond, serial_shops, shop,
          due_unseen_surprise, uniq_jessica

Skill      XL: |  1  2  3  4 |
---------------+-------------+-----
Ranged Weapons | 3 4 |  4.3
Fighting       | 2 |  2.0
Dodging        | |  1.5
Spellcasting   | |  1.0
Hexes          | |  2.6

Action                     |  1- 3 |  4- 6 || total
---------------------------+-------+-------++-------
   Fire: Sling             |   101 |    37 ||   138
    Use: Scroll            |     2 |     1 ||     3
 Armour: Robe              |     5 |     5 ||    10
  Dodge: Dodged            |    31 |    11 ||    42

Table legend:
 A = Non-vault XP
 B = Vault XP
 C = Vault XP percentage of total XP
 D = Non-vault monster count
 E = Vault monster count
 F = Vault count percentage of total count
                 A         B        C        D         E       F
            +---------+---------+-------+---------+---------+-------
      Total |     118 |       9 |   7.1 |      38 |       3 |   7.3
            +---------+---------+-------+---------+---------+-------
        D:1 |      47 |       0 |   0.0 |      26 |       0 |   0.0
        D:2 |      71 |       9 |  11.2 |      12 |       3 |  20.0
            +---------+---------+-------+---------+---------+-------
